 Dungeon Crawl Stone Soup version 0.25-a0-842-g81a31cfd23 (webtiles) character file.

Game seed: 8372967741160595478, levelgen mode: deterministic

115 mat the Scratcher (level 4, 0/19 HPs)
             Began as a Felid Transmuter on Apr 24, 2020.
             Slain by a hound (2 damage)
             ... on level 3 of the Dungeon.
             The game lasted 00:14:17 (5497 turns).

mat the Scratcher (Felid Transmuter)                Turns: 5497, Time: 00:14:18

Health: 0/19       AC:  1    Str:  6    XL:     4   Next: 68%
Magic:  8/9        EV: 19    Int: 14    God:
Gold:   124        SH:  0    Dex: 17    Spells: 5/8 levels left
                                        Lives:  0   Deaths: 1

rFire    . . .     SeeInvis +     - Unarmed
rCold    . . .     Gourm    .   (shield unavailable)
rNeg     . . .     Faith    .   (armour unavailable)
rPois    .         Spirit   .   (helmet unavailable)
rElec    .         Reflect  .   (cloak unavailable)
rCorr    .         Harm     .   (gloves unavailable)
MR       .....                  (boots unavailable)
Stlth    +++.......             (no amulet)
HPRegen  0.06/turn              (no ring)
MPRegen  0.11/turn              (no ring)

@: appendage, quick
A: very small, no armour, no weapons or thrown items, stealth, claws 1, fangs 3,
horns 2, see invisible, carnivore, speed 1, shaggy fur 1, slow metabolism 1,
sharp paws
a: End Transformation


You were on level 3 of the Dungeon.
You were very full.
You had grown temporary horns.
You visited 1 branch of the dungeon, and saw 4 of its levels.

You collected 124 gold pieces.

Inventory:

Missiles
 a - 37 arrows
Scrolls
 g - a scroll of remove curse
Potions
 b - 2 potions of might
 d - a potion of berserk rage {unknown}
 e - a potion of degeneration {unknown}
 h - a potion of heal wounds {unknown}
Comestibles
 c - 3 rations


   Skills:
 + Level 1.2 Fighting
 + Level 3.4 Dodging
 + Level 2.0 Stealth
 + Level 4.4 Unarmed Combat
 + Level 2.8 Spellcasting
 + Level 3.1 Transmutations


You had 5 spell levels left.
You knew the following spells:

 Your Spells              Type           Power        Failure   Level  Hunger
a - Beastly Appendage     Tmut           ##....       6%          1    #......
b - Sticks to Snakes      Tmut           ##......     10%         2    ###....

Your spell library contained the following spells:

 Spells                   Type           Power        Failure   Level  Hunger
 Spider Form              Tmut/Pois      #.........   34%         3    ###....
 Ice Form                 Ice/Tmut       #.......     75%         4    #####..
 Blade Hands              Tmut           ##........   86%         5    ######.


Dungeon Overview and Level Annotations

Branches:
Dungeon (4/15)
 Temple: D:4-7

Altars:
Cheibriados

Annotations:
D:3 1 runed translucent door, Crazy Yiuf


Innate Abilities, Weirdness & Mutations

You cannot wear armour.
You are incapable of wielding weapons or throwing items.
Your paws allow you to move quietly. (Stealth)
You have sharp claws.
You have razor-sharp teeth.
You have supernaturally acute eyesight. (SInv)
You are carnivorous and can eat meat at any time.
You cover ground quickly.
You are covered in fur. (AC +1)
You have a slow metabolism.
Your sharp claws are effective at attacking unaware monsters.
You have a pair of horns on your head.


Message History

Confirm with . or Enter, or press ? or * to list all spells.
You grow a pair of large bovine horns.
The hound stops to sniff the ground.
The hound misses you.
You claw the hound!
The hound is moderately wounded.
The hound completely misses you. x2
You barely miss the hound.
The hound is moderately wounded.
The hound misses you.
You barely miss the hound.
The hound is moderately wounded.
The hound misses you.
You scratch the hound.
The hound is heavily wounded.
The hound misses you. The hound completely misses you.
You miss the hound.
The hound is heavily wounded.
The hound bites you.
You die...

#.# #.#.# #.# #.#.#
### ##.## #w#.. ..#
#...# #o### #.# #.#.#
#.# #.# #...# #.# #.#
##.####.#####.#
#.#.o.....##.#
#.#.#####.##@# #.#.#
#.##h# ##.#.# #...o#
#....# #.##.###.#..
###
#.#.<#####>##.......#
....
#)..>......##.###...#
####
########.####.#>..###
.. #.# #.#..... ##
#.# #.#.o.# .#


You could see a hound and an orc.

Vanquished Creatures
  A worker ant (D:3)
  5 adders
  A gnoll (D:1)
  An ooze (D:1)
  3 worms
  A dart slug (D:1)
  2 leopard geckos
  7 orcs (D:3)
  9 bats
  3 giant cockroaches
  5 goblins
  7 hobgoblins
  5 jackals
  6 kobolds
  3 frilled lizards
  12 rats
71 creatures vanquished.

Notes
Turn   | Place    | Note
-------+----------+-------------------------------------------
     0 | D:1      | mat the Felid Transmuter began the quest for the Orb.
     0 | D:1      | Reached XP level 1. HP: 9/9 MP: 4/4
   231 | D:1      | Reached XP level 2. HP: 12/12 MP: 4/6
   640 | D:1      | Reached XP level 3. HP: 9/15 MP: 5/7
   642 | D:1      | Reached skill level 1 in Stealth
  2214 | D:2      | Reached XP level 4. HP: 19/19 MP: 6/8
  2301 | D:2      | Reached skill level 4 in Unarmed Combat
  3061 | D:3      | Learned a level 2 spell: Sticks to Snakes
  3484 | D:3      | Noticed a water moccasin
  3516 | D:3      | Mangled by a water moccasin
  3517 | D:3      | Reached XP level 3. HP: -8/15 MP: 5/7
  3528 | D:3      | Found a snail-covered altar of Cheibriados.
  4126 | D:3      | Reached XP level 4. HP: 14/19 MP: 7/9
  4329 | D:3      | Found a runed translucent door.
  4330 | D:3      | Noticed Crazy Yiuf
  5497 | D:3      | Slain by a hound

Levels and vault maps discovered:
D:1:      doesnt_arrival_eight_statues, layout_loops_ring
D:2:      layout_loops_corners
D:3:      layout_loops_ring, old_standard_altar, uniq_crazy_yiuf_cottage
D:4:      layout_gridville, fedhas_altar_3, uniq_menkaure

Skill      XL: |  1  2  3  4 |
---------------+-------------+-----
Dodging        | 3 |  3.4
Stealth        | 1 2 |  2.0
Unarmed Combat | 4 |  4.4
Transmutations | 3 |  3.1
Fighting       | |  1.2
Spellcasting   | |  2.8

Action                   |  1- 3 |  4- 6 || total
-------------------------+-------+-------++-------
Melee: Unarmed           |   139 |    93 ||   232
       Headbutt          |    18 |    13 ||    31
       Bite              |    14 |     5 ||    19
       Punch             |       |     1 ||     1
 Cast: Beastly Appendage |    35 |    18 ||    53
       Sticks to Snakes  |       |     3 ||     3
  Use: Scroll            |       |     5 ||     5
       Potion            |       |     3 ||     3
 Stab: Sleeping          |     8 |     1 ||     9
  Eat: Chunk             |    17 |     5 ||    22
Armor: Skin              |     8 |     2 ||    10
Dodge: Dodged            |   118 |   103 ||   221

Table legend:
 A = Non-vault XP
 B = Vault XP
 C = Vault XP percentage of total XP
 D = Non-vault monster count
 E = Vault monster count
 F = Vault count percentage of total count
                 A         B        C        D         E       F
            +---------+---------+-------+---------+---------+-------
      Total |     242 |       0 |   0.0 |      71 |       0 |   0.0
            +---------+---------+-------+---------+---------+-------
        D:1 |      63 |       0 |   0.0 |      28 |       0 |   0.0
        D:2 |      51 |       0 |   0.0 |      19 |       0 |   0.0
        D:3 |     128 |       0 |   0.0 |      24 |       0 |   0.0
            +---------+---------+-------+---------+---------+-------
